 Dungeon Crawl Stone Soup version 0.24.0-35-gdb84b6a5db (webtiles) character file.

Game seed: 7451718381586507056, levelgen mode: deterministic

284 Delamore the Cleaver (level 6, -4/51 HPs)
             Began as a Hill Orc Fighter on Nov 17, 2019.
             Slain by an ogre
             ... wielding a +0 giant club
              (24 damage)
             ... on level 4 of the Dungeon.
             The game lasted 00:03:46 (2464 turns).

Delamore the Cleaver (Hill Orc Fighter)             Turns: 2464, Time: 00:03:46

Health: -4/51      AC:  9    Str: 21    XL:     6   Next: 29%
Magic:  6/6        EV:  7    Int:  8    God:
Gold:   169        SH:  9    Dex: 10    Spells: 5/5 levels left

rFire    + . .     SeeInvis .   a - +0 war axe
rCold    . . .     Gourm    .   c - +0 shield
rNeg     . . .     Faith    .   b - +0 scale mail
rPois    .         Spirit   .   m - +1 helmet
rElec    .         Reflect  .   (no cloak)
rCorr    .         Harm     .   (no gloves)
MR       .....                  (no boots)
Stlth    ..........             (no amulet)
HPRegen  0.17/turn              (no ring)
MPRegen  0.10/turn              o - ring of protection from fire

@: no status effects
A: no striking features
a: no special abilities


You were on level 4 of the Dungeon.
You were hungry.

You visited 1 branch of the dungeon, and saw 4 of its levels.
You also visited: Sewer.

You collected 169 gold pieces.

Inventory:

Hand Weapons
 a - a +0 war axe (weapon)
Armour
 b - a +0 scale mail (worn)
 c - a +0 shield (worn)
 m - a +1 helmet (worn)
Jewellery
 o - a ring of protection from fire (right hand)
Scrolls
 i - 2 scrolls of identify
 j - a scroll of remove curse
 s - a scroll of fear
Potions
 d - 2 potions of might
 e - 3 potions of flight {unknown}
 g - 2 potions of curing {unknown}
 h - 2 potions of degeneration {unknown}
 k - a potion of magic {unknown}
 l - a potion of brilliance {unknown}
 n - a potion of lignification {unknown}
 p - a potion of agility
 q - a potion of mutation {unknown}
 t - 3 potions of heal wounds {unknown}
Comestibles
 f - 11 rations


   Skills:
 - Level 3.6 Fighting
 + Level 8.5 Axes
 - Level 3.2 Armour
 - Level 3.2 Shields


You had 5 spell levels left.
You didn't know any spells.
Your spell library was empty.

Dungeon Overview and Level Annotations

Branches:
Dungeon (4/15)              Sewer (visited)
 Temple: D:4-7

Altars:
Dithmenos
Fedhas
Xom
Yredelemnul
The Shining One


Message History

You slash the ogre!
The ogre is heavily wounded.
You hit the ogre.
The ogre is severely wounded.
The ogre hits you with a +0 giant club!
You are too injured to fight recklessly!
You are too injured to fight recklessly!
You are too injured to fight recklessly!
You are too injured to fight recklessly!
You are too injured to fight recklessly!
You are too injured to fight recklessly!
You are too injured to fight recklessly!
You are too injured to fight recklessly!
You slash the ogre!
The ogre is almost dead.
The ogre barely misses you.
You barely miss the ogre.
The ogre is almost dead.
The ogre hits you with a +0 giant club!!
You die...

..... #...####
######......
...........#
$..........#
#........#
#.....O..# #@..#
#...# . #!..# ..
#...##...
#........ #....#
#...##...
#....###+###...#
..
#....#.....'...#
.
#....#.....#....#


You could see an ogre.

Vanquished Creatures
  Purgy (Sewer)
  Jessica (D:3)
  7 adders
  2 oozes
  5 worms
  3 dart slugs
  An orc (D:3)
  A ball python (D:1)
  6 giant cockroaches
  4 goblins
  14 hobgoblins
  13 kobolds
  A quokka (D:3)
  10 bats
  4 frilled lizards
  4 rats
77 creatures vanquished.

Notes
Turn   | Place    | Note
-------+----------+-------------------------------------------
     0 | D:1      | Delamore the Hill Orc Fighter began the quest for the Orb.
     0 | D:1      | Reached XP level 1. HP: 19/19 MP: 1/1
    36 | D:1      | Reached skill level 3 in Axes
    62 | D:1      | Reached XP level 2. HP: 23/26 MP: 2/2
   153 | D:1      | Reached skill level 4 in Axes
   340 | D:1      | Reached XP level 3. HP: 30/31 MP: 3/3
   535 | D:1      | Reached skill level 5 in Axes
   997 | D:2      | Found a basalt altar of Yredelemnul.
   997 | D:2      | Found a shimmering altar of Xom.
  1113 | D:2      | Reached XP level 4. HP: 39/39 MP: 4/4
  1438 | D:2      | Reached skill level 6 in Axes
  1631 | D:3      | Reached XP level 5. HP: 32/45 MP: 5/5
  1745 | D:3      | Reached skill level 7 in Axes
  1775 | D:3      | Noticed Jessica
  1783 | D:3      | Killed Jessica
  1789 | D:3      | Found a glowing golden altar of the Shining One.
  1889 | D:3      | Found a glowing drain.
  1908 | Sewer    | Entered a sewer
  1960 | Sewer    | Noticed Purgy
  1976 | Sewer    | Killed Purgy
  1976 | Sewer    | Reached skill level 8 in Axes
  1976 | Sewer    | Reached XP level 6. HP: 25/51 MP: 6/6
  2441 | D:4      | Found a glowing golden altar of the Shining One.
  2441 | D:4      | Found a shadowy altar of Dithmenos.
  2442 | D:4      | Found a blossoming altar of Fedhas.
  2464 | D:4      | Slain by an ogre

Levels and vault maps discovered:
D:1:      psy_arrival_radial02, layout_basic, minmay_misc_feat_enclosed
D:2:      layout_loops_ring, gammafunk_temple_overflow_wave, minivault_23
D:3:      minmay_evil_eye, layout_basic, portal_sewer_entry_d, first_ration,
          nicolae_tso_swordbearing_angel, uniq_jessica
D:4:      layout_gridville, grunt_temple_overflow_lords_of_destruction,
          gammafunk_temple_overflow_claw, minmay_temple_entry_large_hall

Skill      XL: |  1  2  3  4  5 |
---------------+----------------+-----
Axes           | 3 4 5 6 8 |  8.5
Fighting       | |  3.6
Armour         | |  3.2
Shields        | |  3.2

Action                   |  1- 3 |  4- 6 || total
-------------------------+-------+-------++-------
Melee: War axe           |   117 |   158 ||   275
  Use: Scroll            |       |     6 ||     6
  Eat: Chunk             |     1 |     4 ||     5
Armor: Scale mail        |    55 |   108 ||   163
Dodge: Dodged            |    37 |    64 ||   101
Block: Shield            |    68 |    80 ||   148
